 Dungeon Crawl Stone Soup version 0.29.1-15-g9cfb28693d (webtiles) character file.

Game seed: 7375425728334566104

340 leafyfresh the Covert (level 6, -9/44 HPs)
             Began as an Octopode Delver on Mar 7, 2023.
             Mangled by a bog mummy (16 damage)
             ... in an ossuary.
             The game lasted 00:02:06 (696 turns).

leafyfresh the Covert (Octopode Delver)              Turns: 696, Time: 00:02:06

Health: -9/44      AC:  5    Str: 11    XL:     6   Next: 56%
Magic:  6/6        EV: 14    Int: 15    God:
Gold:   14         SH:  0    Dex: 13    Spells: 5/5 levels left

rFire   . . .      SeeInvis .   k - +0 demon whip
rCold   . . .      Faith    .   (no shield)
rNeg    . . .      Spirit   .   (helmet restricted)
rPois   .          Reflect  .   (no amulet)
rElec   .          Harm     .   c - +4 ring of protection
rCorr   .          Rampage  .   (no ring)
Will    .....                   (no ring)
Stlth   +++++.....              (no ring)
HPRegen 0.14/turn               (no ring)
MPRegen 0.10/turn               (no ring)
                                (no ring)
                                (no ring)

@: no status effects
A: almost no armour, amphibious, 8 rings, camouflage 1, gelatinous body 1,
(nimble swimmer 1), tentacles
a: no special abilities


You were in an ossuary.
You visited 1 branch of the dungeon, and saw 2 of its levels.
You also visited: Ossuary.

You collected 14 gold pieces.

Inventory:

Hand Weapons
 a - a +0 short sword
 k - a +0 demon whip (weapon)
Jewellery
 c - a +4 ring of protection (left tentacle)
Wands
 f - a wand of digging (3)
Scrolls
 b - a scroll of fog
 d - a scroll of fear
 h - a scroll of identify {unknown}
 i - a scroll of blinking {unknown}
Potions
 e - a potion of haste
 g - a potion of invisibility {unknown}
 j - a potion of curing {unknown}


   Skills:
 + Level 4.7 Fighting
 - Level 2.0 Short Blades
 + Level 4.1 Dodging
 + Level 8.5 Stealth


You had 5 spell levels left.
You didn't know any spells.
Your spell library was empty.

Dungeon Overview and Level Annotations

Branches:
Dungeon (5/15)             Temple (0/1) D:4         Ossuary (1/1)

Altars:


Innate Abilities, Weirdness & Mutations

You cannot wear most types of armour.
You are amphibious.
You can wear up to eight rings at the same time.
Your skin changes colour to match your surroundings (Stealth+).
Your rubbery body absorbs attacks. (AC +1, EV +1)
((You are camouflaged when in or above water. (Stealth+)))
You have tentacles for arms and can constrict up to eight enemies at once.


Message History

You hit the wyvern zombie. You squeeze the wyvern zombie.
The wyvern zombie is heavily damaged.
The wyvern zombie barely misses you.
You hit the wyvern zombie. You squeeze the wyvern zombie.
The wyvern zombie is heavily damaged.
The wyvern zombie completely misses you.
You whack the wyvern zombie!
The wyvern zombie is severely damaged.
The wyvern zombie misses you.
The wyvern zombie completely misses you.
You hit the wyvern zombie but do no damage.
The wyvern zombie is severely damaged.
The wyvern zombie bites you but does no damage.
You whack the wyvern zombie!
The wyvern zombie is almost destroyed.
The wyvern zombie closely misses you. x2
You barely miss the wyvern zombie.
The wyvern zombie is almost destroyed.
The wyvern zombie bites you but does no damage.
You hit the wyvern zombie.
The wyvern zombie is almost destroyed.
The wyvern zombie misses you. The wyvern zombie closely misses you.
You hit the wyvern zombie.
You destroy the wyvern zombie!
There is an open door here.
You close the door.
You start resting.
A bog mummy opens the door.
A bog mummy is nearby!
A bog mummy is nearby!
A bog mummy is nearby!
There is a gate leading back out of this place here.
The bog mummy points at you and mumbles some strange words.
You resist with some effort.
You closely miss the bog mummy. Your grab misses the bog mummy.
The bog mummy hits you.
* * * LOW HITPOINT WARNING * * *
You barely miss the bog mummy. You grab the bog mummy.
You constrict the bog mummy. The bog mummy hits you!
You die...

####
###.#.
≈~~~ .~~
#~#####
+.#...#
#~M.∩.#
#..~#@.∩#
#~#~.#####
#≈~..~~
#####.#
+~# #~~
+.#


You could see a bog mummy.

Vanquished Creatures
  An ogre (D:5)
  A scorpion (D:5)
  A wyvern zombie (Ossuary)
  A bullfrog zombie (Ossuary)
  A hound (D:4)
  A jelly (D:5)
  2 mummies (Ossuary)
  A dart slug (D:5)
  A quokka (D:5)
10 creatures vanquished.

Vanquished Creatures (others)
  2 withered plants (Ossuary)
2 creatures vanquished.

Grand Total: 12 creatures vanquished

Notes
Turn   | Place    | Note
-------+----------+-------------------------------------------
     0 | D:5      | leafyfresh the Octopode Delver began the quest for the Orb.
     0 | D:5      | Reached XP level 1. HP: 16/16 MP: 1/1
    86 | D:5      | Noticed an ogre
    89 | D:5      | Noticed a jelly
   109 | D:5      | Killed an ogre
   110 | D:5      | Reached skill level 7 in Stealth
   110 | D:5      | Reached XP level 2. HP: 22/22 MP: 2/2
   110 | D:5      | Reached XP level 3. HP: 27/27 MP: 3/3
   110 | D:5      | Reached XP level 4. HP: 33/33 MP: 4/4
   139 | D:5      | Reached XP level 5. HP: 24/37 MP: 5/5
   283 | D:5      | HP: 1/37 [poisoned by a scorpion]
   430 | D:5      | Noticed an ogre
   470 | D:4      | Found a sand-covered staircase.
   615 | D:4      | Reached skill level 8 in Stealth
   648 | Ossuary  | Entered an ossuary
   664 | Ossuary  | Reached XP level 6. HP: 35/44 MP: 6/6
   696 | Ossuary  | Mangled by a bog mummy

Illustrated notes

Levels and vault maps discovered:
D:4:      cheibrodos_old_hovel, layout_cave_pools, cheibriados_altar_1,
          temple_fountains, nicolae_ossuary_entry_ruins,
          minmay_increasing_density
D:5:      layout_loops_ring, nicolae_dithmenos_through_a_glass_darkly,
          uniq_crazy_yiuf_cottage
Ossuary:  ossuary_zaba_flooded

Skill      XL: |  1  2  3  4  5  6 |
---------------+-------------------+-----
Dodging        | 3 4 |  4.1
Stealth        | 7 8 |  8.5
Fighting       | 4 |  4.7
Short Blades   | |  2.0

Action                   |  1- 3 |  4- 6 || total
-------------------------+-------+-------++-------
Melee: Short sword       |     5 |    15 ||    20
       Tentacles         |     4 |    12 ||    16
       Demon whip        |       |    27 ||    27
       Constrict         |       |     6 ||     6
  Use: Scroll            |       |     1 ||     1
       Potion            |       |     1 ||     1
 Stab: Distracted        |       |     1 ||     1
       Sleeping          |       |     2 ||     2
Armor: Skin              |       |     3 ||     3
Dodge: Dodged            |     3 |    18 ||    21
